 Dungeon Crawl Stone Soup version 0.29-a0-323-g050149af67 (webtiles) character file.

Game seed: 10405860300779631568

137 Iscandelvey the Firebug (level 5, -2/52 HPs)
             Began as a Demonspawn Fire Elementalist on Apr 12, 2022.
             Slain by a river rat (5 damage)
             ... in a sewer.
             The game lasted 00:12:22 (2599 turns).

Iscandelvey the Firebug (DsFE)                      Turns: 2599, Time: 00:12:23

Health: -2/52      AC:  5    Str:  8    XL:     5   Next: 0%
Magic:  0/9        EV: 12    Int: 18    God:
Gold:   153        SH:  0    Dex: 14    Spells: 3/9 levels left

rFire   . . .      SeeInvis .   k - +1 hunting sling (freeze)
rCold   . . .      Faith    .   (no shield)
rNeg    . . .      Spirit   .   a - +0 robe
rPois   .          Reflect  .   (helmet restricted)
rElec   .          Harm     .   (no cloak)
rCorr   .          Rampage  .   (no gloves)
Will    .....                   t - +2 pair of boots {Stlth+}
Stlth   ..........              (no amulet)
HPRegen 0.17/turn               (no ring)
MPRegen 0.11/turn               (no ring)

@: berserking, very slightly contaminated, very quick
A: horns 1, powered by death 1
a: no special abilities


You were in a sewer.
You visited 1 branch of the dungeon, and saw 3 of its levels.
You also visited: Sewer.

You collected 153 gold pieces.

Inventory:

Hand Weapons
 h - a +1 dagger of draining
 k - a +1 hunting sling of freezing (weapon)
Missiles
 l - 16 poisoned darts
 p - 27 stones
Armour
 a - a +0 robe (worn)
 j - a +0 ring mail
 n - a +0 buckler
 t - a +2 pair of boots of stealth (worn)
Scrolls
 d - a scroll of magic mapping {unknown}
 e - 5 scrolls of identify
 f - 2 scrolls of teleportation
 o - a scroll of enchant weapon {unknown}
 s - a scroll of vulnerability {unknown}
 v - a scroll of acquirement {unknown}
Potions
 b - 2 potions of magic
 c - a potion of curing {unknown}
 g - a potion of lignification
 i - a potion of invisibility {unknown}
 m - a potion of haste {unknown}
 q - 2 potions of heal wounds
 u - a potion of degeneration {unknown}


   Skills:
 + Level 0.7 Throwing
 + Level 0.8 Armour
 + Level 2.4 Dodging
 + Level 2.2 Stealth
 + Level 0.8 Shields
 * Level 2.7 Spellcasting
 * Level 2.3 Conjurations
 + Level 3.1 Fire Magic


You had 3 spell levels left.
You knew the following spells:

 Your Spells              Type           Power      Damage    Failure   Level
a - Foxfire               Conj/Fire      48%        2x1d6     5%          1
b - Scorch                Fire           26%        2d6       7%          2
c - Conjure Flame         Conj/Fire      12%        6-21      16%         3

Your spell library contained the following spells:

 Spells                   Type           Power      Damage    Failure   Level
 Corpse Rot               Necr/Air       4%         N/A       26%         2
 Poisonous Vapours        Pois/Air       4%         N/A       26%         2
 Inner Flame              Hex/Fire       8%         N/A       26%         3
 Flame Wave               Conj/Fire      12%        2d6       47%         4


Dungeon Overview and Level Annotations

Branches:
Dungeon (3/15)              Sewer (1/1)

Altars:
Fedhas
Sif Muna


Innate Abilities, Weirdness & Mutations

You have a pair of small horns on your head.
You regenerate a little health from kills.


Message History

You are too injured to fight recklessly!
You are too injured to fight recklessly!
Fire: k) +1 hunting sling (freeze)
Press: ? - help, Q - select action, (/) - cycle Shift-Dir - straight line, f/p - river rat
Aim: a river rat (moderately wounded, 52% to hit)
You shoot a sling bullet. The sling bullet hits the river rat.
The sling bullet freezes the river rat.
The river rat is heavily wounded.
The river rat barely misses you.
Fire: k) +1 hunting sling (freeze)
Press: ? - help, Q - select action, (/) - cycle Shift-Dir - straight line, f/p - river rat
Aim: a river rat (heavily wounded, 52% to hit)
You shoot a sling bullet. The sling bullet hits the river rat.
The sling bullet freezes the river rat.
The river rat is almost dead.
The river rat misses you. The river rat closely misses you.
Fire: k) +1 hunting sling (freeze)
Press: ? - help, Q - select action, (/) - cycle Shift-Dir - straight line, f/p - river rat
Aim: a river rat (almost dead, 52% to hit)
You shoot a sling bullet.
The sling bullet closely misses the river rat.
The river rat bites you.
* * * LOW HITPOINT WARNING * * *
Casting: Scorch (safe; 7% risk of failure)
Confirm with . or Enter, or press ? or * to list all spells.
You miscast Foxfire.
Nothing appears to happen.
The river rat bites you.
* * * LOW HITPOINT WARNING * * *
Do you really want to go berserk while wielding your +1 hunting sling of freezing?
A red film seems to cover your vision as you go berserk!
You feel yourself moving faster!
You feel mighty! The river rat bites you.
* * * LOW HITPOINT WARNING * * *
Unknown command.
You barely miss the river rat. Your headbutt misses the river rat.
The river rat is severely wounded.
The river rat bites you but does no damage.
A river rat comes into view.
You clumsily bash the river rat.
The river rat is almost dead.
The river rat bites you.
You die...

≈≈≈≈≈≈≈≈≈.≈≈≈≈..≈≈≈≈≈.≈≈≈.≈≈..≈≈≈
≈≈≈≈≈≈.≈≈≈≈≈≈≈≈≈≈≈≈≈≈≈≈≈≈≈≈≈≈≈≈≈≈
≈≈≈≈≈≈≈≈≈≈....≈≈≈≈≈≈≈≈.≈†≈≈≈≈≈.≈≈
######≈≈≈#######################≈
#≈≈≈# ###### #≈ #≈≈≈# #....# #≈
#≈≈≈#####'÷#####++##### #≈
#.≈≈≈≈≈.÷.÷..........∩# #≈
#≈≈≈≈≈.....@r........∩#
#≈≈≈#####''#####r'##### #.≈≈#
#....# ...# #.≈≈# ###### ####
#≈≈≈# #≈≈≈≈ #.≈.≈≈ #≈≈≈≈.


You could see 2 river rats.

Vanquished Creatures
  A gnoll (D:1)
  5 adders
  2 river rats (Sewer)
  4 worms
  A dart slug (D:3)
  5 ball pythons
  4 endoplasms
  6 giant cockroaches
  4 goblins
  2 hobgoblins
  2 jackals (Sewer)
  3 quokkas (D:3)
  5 bats
  2 frilled lizards
  A kobold (D:2)
  6 rats
53 creatures vanquished.

Vanquished Creatures (others)
  17 foxfires
17 creatures vanquished.

Grand Total: 70 creatures vanquished

Notes
Turn   | Place    | Note
-------+----------+-------------------------------------------
     0 | D:1      | Iscandelvey the Demonspawn Fire Elementalist began the
                  | quest for the Orb.
     0 | D:1      | Reached XP level 1. HP: 13/13 MP: 3/3
   558 | D:1      | Found a faded altar of an unknown god.
   668 | D:1      | Gained mutation: You regenerate a little health from kills.
                  | [demonic ancestry]
   668 | D:1      | Reached XP level 2. HP: 19/19 MP: 5/5
   687 | D:1      | Learned a level 2 spell: Scorch
  1447 | D:2      | Reached XP level 3. HP: 24/24 MP: 1/6
  1605 | D:2      | Found a shimmering blue altar of Sif Muna.
  1980 | D:3      | Reached skill level 3 in Fire Magic
  2033 | D:3      | Found a blossoming altar of Fedhas.
  2129 | D:3      | Found a glowing drain.
  2166 | D:3      | Learned a level 3 spell: Conjure Flame
  2167 | Sewer    | Entered a sewer
  2173 | Sewer    | Gained mutation: You have a pair of small horns on your
                  | head. [demonic ancestry]
  2173 | Sewer    | Reached XP level 4. HP: 30/30 MP: 7/7
  2588 | Sewer    | Reached XP level 5. HP: 14/35 MP: 6/9
  2599 | Sewer    | Slain by a river rat

Illustrated notes

Levels and vault maps discovered:
D:1:      minmay_arrival_stair_chambers, layout_loops_ring,
          hellmonk_ecumenical_altar_lost_god
D:2:      layout_basic, basic_altar
D:3:      layout_basic, fedhas_altar_2, portal_sewer_entry_f, uniq_terence
Sewer:    sewer_fruit_machine

Skill      XL: |  1  2  3  4 |
---------------+-------------+-----
Stealth        | 2 |  2.2
Dodging        | 2 |  2.4
Fire Magic     | 3 |  3.1
Conjurations   | 2 |  2.3
Throwing       | |  0.7
Armour         | |  0.8
Shields        | |  0.8
Spellcasting   | |  2.7

Action                   |  1- 3 |  4- 6 || total
-------------------------+-------+-------++-------
Melee: Unarmed           |    19 |       ||    19
       Dagger            |     1 |       ||     1
       Hunting sling     |       |    13 ||    13
 Fire: Hunting sling     |    66 |    46 ||   112
 Cast: Foxfire           |     9 |     1 ||    10
       Scorch            |     3 |     5 ||     8
  Use: Potion            |       |     3 ||     3
       Scroll            |       |     2 ||     2
 Stab: Sleeping          |     1 |       ||     1
Armor: Robe              |     4 |    12 ||    16
       Skin              |       |    25 ||    25
Dodge: Dodged            |    22 |    40 ||    62

Table legend: (Time is in decaauts)
 A = Elapsed time spent in this place.
 B = Non-inter-level travel time spent in this place.
 C = Inter-level travel time spent in this place.
 D = Time resting spent in this place.
 E = Time spent auto-exploring this place.
 F = Levels seen in this place.
 G = Mean time per level.
                   A        B        C        D        E       F      G
               +--------+--------+--------+--------+--------+-----+--------+
         Total |   2713 |   2319 |    394 |    580 |   1253 |   4 |  678.2 |
       Dungeon |   2199 |   1805 |    394 |    371 |   1136 |   3 |  733.0 |
         Sewer |    514 |    514 |      0 |    209 |    117 |   1 |  514.0 |
               +--------+--------+--------+--------+--------+-----+--------+

Top non-repeatable levels by time:
     D:1: 1282 daAuts
     D:2: 661 daAuts
   Sewer: 514 daAuts
     D:3: 254 daAuts
